Map: Crête de Lerilak

Players

zidar - Winner!

  • Race: Zerg Zerg
  • League: Silver
  • Spawn Location: 1:00

GHammond

  • Race: Terran Terran
  • League: Silver
  • Spawn Location: 7:00

VOD

Have the link to the VOD?

Description

Time

  • Played on: March 4, 2016, 10:23 a.m.
  • Length: 15:44
Show
View Real Time Build Order
Export as new Build Order

zidar Zerg - Winner!

Build Orders: Hatch First, Muta Ling Bane 

Get SALT Encoding   

  12  0:02  Drone  
  13  0:12  Overlord  
  13  0:17  Drone  
  14  0:30  Drone x2  
  14  0:34  Drone  
  17  0:56  Hatchery  
  16  0:58  Drone  
  17  1:16  Spawning Pool, Drone  
  17  1:20  Extractor  
  16  1:29  Drone  
  16  1:30  Drone x2  
  19  1:41  Drone  
  20  1:52  Overlord  
  20  2:03  Queen  
  22  2:11  Queen  
  24  2:20  Metabolic Boost  
  23  2:24  Extractor  
  23  2:25  Drone x3  
  25  2:35  Drone  
  25  2:36  Drone x2  
  28  3:03  Baneling Nest  
  27  3:08  Drone x3  
  30  3:13  Zergling x4  
  30  3:14  Zergling x8  
  36  3:23  Extractor  
  36  3:24  Extractor  
  36  3:25  Lair  
  34  3:28  Drone  
  34  3:32  Overlord  
  35  3:53  Drone x5  
  40  4:07  Evolution Chamber  
  40  4:09  Evolution Chamber  
  36  4:44  Centrifical Hooks, Spire  
  35  4:47  Drone x6  
  41  4:59  Spore Crawler  
  40  5:10  Drone x4  
  44  5:18  Infestation Pit  
  41  5:38  Drone x2  
  43  5:54  Hatchery  
  43  5:55  Zerg Ground Armor Level 1  
  43  5:56  Zerg Melee Weapons Level 1  
  42  6:03  Zergling x10  
  43  6:24  Baneling  
  43  6:25  Baneling x4  
  43  6:27  Zergling x2  
  43  6:30  Overlord x2  
  43  6:31  Overlord x2  
  44  6:48  Queen  
  44  6:51  Drone x6  
  52  7:17  Roach Warren  
  51  7:35  Mutalisk  
  51  7:36  Mutalisk x8  
  69  7:58  Zergling x2  
  69  7:59  Zergling x8  
  74  8:14  Overlord x3  
  74  8:15  Overlord  
  74  8:19  Baneling  
  74  8:21  Baneling x2  
  62  8:39  Zergling x2  
  62  8:40  Zergling x6  
  64  8:49  Zerg Ground Armor Level 2  
  64  8:50  Zerg Melee Weapons Level 2  
  64  8:55  Zergling x22  
  70  8:56  Zergling x8  
  79  9:09  Extractor  
  78  9:11  Drone  
  78  9:12  Extractor, Drone  
  79  9:22  Drone x2  
  79  9:23  Drone x3  
  84  9:33  Zergling x4  
  84  9:34  Zergling x16  
  94  9:53  Drone  
  94  9:54  Drone x8  
  103  10:01  Hive  
  103  10:11  Overseer x2  
  103  10:13  Pneumatized Carapace  
  103  10:43  Hatchery  
  102  10:54  Overlord x2  
  102  10:55  Overlord x2  
  102  10:59  Hatchery  
  102  11:03  Baneling  
  102  11:04  Baneling x14  
  101  11:08  Zergling x10  
  106  11:13  Zerg Ground Armor Level 3  
  106  11:22  Ultralisk Cavern  
  106  11:23  Zerg Melee Weapons Level 3  
  105  11:46  Drone  
  106  12:14  Zerg Flyer Weapons Level 1  
  106  12:18  Overlord x2  
  106  12:19  Overlord x3  
  106  12:40  Chitinous Plating  
  106  12:45  Ultralisk x3  
  106  12:46  Ultralisk x2  
  106  12:48  Ultralisk  
  142  12:58  Ultralisk  
  148  13:05  Drone x5  
  153  13:23  Adrenal Glands  
  153  13:34  Ultralisk  
  153  13:35  Ultralisk  
  153  13:38  Overlord  
  153  13:39  Overlord  
  150  14:33  Ultralisk x4  
  150  14:34  Ultralisk  
  150  14:35  Ultralisk  
  150  14:36  Zergling x4  
Show
View Real Time Build Order
Export as new Build Order

GHammond Terran 

Build Orders:  

Get SALT Encoding   

  12  0:01  SCV  
  13  0:16  Supply Depot  
  13  0:19  SCV  
  14  0:30  Refinery  
  14  0:31  SCV  
  15  0:41  Barracks  
  15  0:46  SCV  
  16  0:58  SCV  
  17  1:10  SCV  
  18  1:22  Supply Depot  
  18  1:40  SCV  
  18  1:45  Marine  
  20  2:03  Marine  
  21  2:22  Factory  
  21  2:36  SCV, Barracks Reactor  
  22  2:41  Supply Depot  
  22  2:50  Bunker  
  22  2:51  SCV  
  22  2:58  Refinery  
  23  3:03  SCV  
  23  3:04  Supply Depot  
  24  3:22  Hellion  
  24  3:23  Barracks Tech Lab, Hellion  
  28  3:33  Orbital Command  
  28  3:43  Factory  
  28  3:44  Hellion x2  
  28  3:46  Marauder  
  34  4:04  Supply Depot  
  34  4:05  Hellion  
  34  4:06  Hellion  
  34  4:27  Supply Depot, Hellion  
  34  4:43  Widow Mine  
  34  4:49  Engineering Bay  
  36  4:55  Widow Mine  
  38  5:08  Command Center  
  38  5:09  Siege Tank  
  38  5:11  Widow Mine  
  41  5:20  Barracks Reactor  
  43  5:22  Missile Turret  
  43  5:24  Widow Mine  
  34  5:40  Widow Mine  
  34  5:46  Siege Tank  
  39  5:56  Widow Mine, Command Center  
  41  6:07  Starport  
  41  6:08  Widow Mine  
  43  6:20  Armory  
  43  6:24  Widow Mine  
  45  6:37  Widow Mine  
  47  6:51  SCV  
  47  6:53  Widow Mine  
  50  7:03  SCV  
  50  7:05  Widow Mine  
  51  7:15  SCV  
  52  7:18  Thor  
  58  7:27  SCV  
  59  7:30  Viking  
  59  7:32  Barracks Reactor  
  61  7:39  SCV  
  62  7:51  SCV  
  63  8:03  SCV  
  64  8:07  Missile Turret  
  64  8:10  Missile Turret  
  64  8:11  Thor  
  70  8:15  SCV  
  70  8:17  Refinery  
  71  8:20  Refinery, Orbital Command  
  71  8:27  SCV  
  72  8:40  SCV  
  73  8:52  SCV  
  74  9:04  SCV  
  74  9:09  Supply Depot  
  75  9:12  Supply Depot  
  75  9:24  Factory  
  75  9:30  Thor  
  81  9:35  Supply Depot  
  81  9:39  SCV  
  81  9:43  Factory  
  82  9:51  SCV  
  82  9:52  Command Center  
  85  9:57  Widow Mine  
  87  10:01  Widow Mine  
  87  10:03  SCV  
  88  10:13  Thor  
  94  10:16  SCV  
  97  10:26  Widow Mine  
  97  10:28  Factory, SCV  
  100  10:30  Factory Tech Lab, Widow Mine  
  102  10:54  Widow Mine  
  102  11:03  Thor  
  110  11:09  Supply Depot  
  110  11:11  Widow Mine  
  110  11:16  Hellion  
  112  11:20  Siege Tank  
  115  11:32  Hellion  
  117  11:37  Missile Turret, Hellion  
  119  11:46  Terran Vehicle Weapons Level 1, Siege Tank  
  122  11:52  Armory  
  122  11:54  Hellion  
  124  11:57  Missile Turret  
  124  12:10  Hellion  
  124  12:14  Supply Depot  
  126  12:16  Supply Depot  
  126  12:17  SCV  
  126  12:19  Missile Turret  
  127  12:29  SCV  
  128  12:30  Refinery  
  128  12:37  Supply Depot  
  128  12:40  Liberator x2, Supply Depot  
  128  12:54  Factory Reactor  
  134  13:03  Supply Depot  
  134  13:09  Thor  
  134  13:10  Siege Tank  
  143  13:17  Terran Vehicle And Ship Armor Level 1  
  143  13:32  Refinery  
  143  13:35  SCV  
  144  13:42  Siege Tank  
  144  13:48  SCV  
  148  13:52  Thor  
  154  14:00  SCV  
  155  14:12  SCV  
  156  14:24  SCV  
  154  14:44  Starport Tech Lab  
Tags
 
Add a new tag
Caveats
  • Supply blocks, unpowered buildings, or Contaminate may cause inaccurate times.
  • Supply counts are checked every 10 seconds.